 Dungeon Crawl Stone Soup version 0.30.1-11-g7821555f0a (webtiles) character file.

Game seed: 8738367574368763584

53 monsoonserge the Conjurer (level 3, 0/21 HPs)
             Began as a Tengu Reaver on Jan 10, 2024.
             Was a Believer of Vehumet.
             Succumbed to an adder's poison
             ... on level 3 of the Dungeon.
             The game lasted 00:11:42 (2025 turns).

monsoonserge the Conjurer (Tengu Reaver)            Turns: 2025, Time: 00:11:43

Health: 0/21       AC:  3    Str: 12    XL:     3   Next: 87%
Magic:  5/7        EV: 11    Int: 15    God:    Vehumet [**....]
Gold:   149        SH:  5    Dex: 12    Spells: 4/6 levels left

rFire   . . .        a - +0 mace
rCold   . . .        q - +2 buckler
rNeg    + . .        b - +0 leather armour
rPois   .            (helmet restricted)
rElec   .            (no cloak)
rCorr   .            (no gloves)
SInv    .            (boots unavailable)
Will    .....        (no amulet)
Stlth   +            h - ring of positive energy
HPRegen 0.23/turn    (no ring)
MPRegen 0.10/turn

%: no passive effects
@: lethally poisoned (0 -> -7), attractive, very slightly contaminated, hasted,
very quick
A: beak, talons 3
a: Renounce Religion


You were on level 3 of the Dungeon.
You worshipped Vehumet.
Vehumet was pleased with you.
You visited 1 branch of the dungeon, and saw 3 of its levels.

You collected 149 gold pieces.

Inventory:

Hand Weapons
 a - a +0 mace (weapon)
 m - the +2 quarterstaff "Kaghoi" {heavy, Contam rF- rN++ rCorr}
   (You found it on level 2 of the Dungeon)

   rF:        It makes you vulnerable to fire.
   rN:        It greatly protects you from negative energy.
   Contam:    It causes magical contamination when unequipped.
   rCorr:     It protects you from acid and corrosion.
Missiles
 g - 2 poisoned darts (quivered)
Armour
 b - a +0 leather armour (worn)
 q - a +2 buckler (worn)
Magical Staves
 j - a staff of death
Jewellery
 h - a ring of positive energy (left hand)
Scrolls
 d - 3 scrolls of identify
 e - 2 scrolls of fog
 i - a scroll of immolation {unknown}
 n - a scroll of enchant weapon {unknown}
 o - a scroll of teleportation {unknown}
 p - a scroll of amnesia
Potions
 c - a potion of haste
 f - a potion of might {unknown}
 k - 2 potions of attraction
 l - a potion of curing {unknown}


   Skills:
 + Level 2.0 Fighting
 + Level 3.9 Maces & Flails
 + Level 1.2 Armour
 + Level 2.3 Dodging
 + Level 2.1 Spellcasting
 + Level 4.5 Conjurations
 * Level 1.4 Air Magic


You had 4 spell levels left.
You knew the following spells:

 Your Spells              Type           Power      Damage    Failure   Level
a - Shock                 Conj/Air       40%        1d5       12%         1
b - Kiss of Death         Conj/Necr      32%        2d7       16%         1

Your spell library contained the following spells:

 Spells                   Type           Power      Damage    Failure   Level
 Foxfire                  Conj/Fire      32%        2x1d5     16%         1
 Momentum Strike          Conj/Tloc      16%        3d8       24%         2
 Hailstorm                Conj/Ice       8%         3d4       43%         3


Dungeon Overview and Level Annotations

Branches:
Dungeon (3/15)

Altars:
Cheibriados
Dithmenos
Vehumet

Annotations:
D:2 Sigmund
D:3 Robin


Innate Abilities, Weirdness & Mutations

You have a beak for a mouth.
You have claws for feet.


Message History

As you read the scroll labelled KAEPPO YXOUNIKK, it crumbles to dust.
The scroll dissolves into smoke.
It was a scroll of fog.
You feel sick. You block the goblin's attack. The adder closely misses you.
The adder bites you.
As you read the scroll labelled HION ZUSTAMU, it crumbles to dust.
It is a scroll of identify.
p - a scroll of amnesia You feel sick.
The adder bites you.
* * * LOW HITPOINT WARNING * * *
The goblin barely misses you. The adder bites you but does no damage.
The adder closely misses you.
You are too injured to fight recklessly!
Level annotation: Robin Welcome back, monsoonserge the Tengu Reaver.
Vehumet says: Let it end in hellfire!
Press ? for a list of commands and other information.
Okay, then.
Unknown command.
Unknown command.
Unknown command.
Unknown command.
Unknown command.
Unknown command.
Unknown command.
Unknown command.
Unknown command.
Unknown command.
Unknown command.
Unknown command.
Unknown command.
Unknown command.
It was a potion of attraction.
You feel attractive to monsters.
You feel sick. You block the adder's attack. The goblin closely misses you.
The adder closely misses you. The adder bites you.
* * * LOW HITPOINT WARNING * * *
You are more poisoned.
The adder poisons you!
It was a potion of haste.
You feel yourself speed up.
You die...

#....##.##......
##..#..#.#..#....
##†..##.....##..#
........._......######
.....##.....##.......#
.....#..#.#..#.......#
.....).##.##...§§§...#
###...........##g#####
##...###..####@##
##### ##.. #SS#
###.###g# #....)##
#####).# #.gg...ggg
##..###### #... ...#.


You could see 2 adders and 2 goblins.

Vanquished Creatures
  2 worms (D:2)
  A dart slug (D:1)
  A ball python (D:1)
  4 bats (D:1)
  3 endoplasms
  2 giant cockroaches (D:2)
  7 goblins
  6 hobgoblins
  2 quokkas
  3 frilled lizards
  4 kobolds
  5 rats
40 creatures vanquished.

Notes
Turn   | Place    | Note
-------+----------+-------------------------------------------
     0 | D:1      | monsoonserge the Tengu Reaver began the quest for the Orb.
     0 | D:1      | Reached XP level 1. HP: 12/12 MP: 4/4
   216 | D:1      | Reached XP level 2. HP: 17/17 MP: 6/6
   228 | D:1      | You fall into a shaft and drop 1 floor!
   283 | D:2      | Found a faded altar of an unknown god.
   310 | D:2      | Prayed at the altar of an unknown god.
   310 | D:2      | Became a worshipper of Vehumet
   310 | D:2      | Reached * piety under Vehumet
   310 | D:2      | Offered knowledge of Shock by Vehumet.
   313 | D:2      | Learned a level 1 spell: Shock
   620 | D:1      | Reached skill level 1 in Air Magic
   620 | D:1      | Reached XP level 3. HP: 20/21 MP: 5/7
  1372 | D:2      | Noticed Sigmund
  1516 | D:2      | Found a snail-covered altar of Cheibriados.
  1547 | D:2      | Identified the +2 quarterstaff "Kaghoi" {heavy, Contam rF-
                  | rN++ rCorr}
  1805 | D:3      | Offered knowledge of Foxfire by Vehumet.
  1816 | D:3      | Reached skill level 1 in Armour
  1895 | D:3      | Reached ** piety under Vehumet
  1966 | D:3      | Found a shadowy altar of Dithmenos.
  2014 | D:3      | Noticed Robin
  2025 | D:3      | Succumbed to an adder's poison

Illustrated notes

Levels and vault maps discovered:
D:1:      amcnicky_arrival_wind_blow, layout_loops_ring, amethyst_killhole
D:2:      layout_basic, shapermc_ecumenical_altar_mp_highgroup, basic_altar,
          uniq_sigmund
D:3:      kennysheep_goblin_castle, layout_basic,
          mainiacjoe_overflow_small_starburst, serial_shops,
          nicolae_lakefront_shop, kennysheep_generic_room_16, uniq_robin,
          uniq_natasha

Skill      XL: |  1  2  3 |
---------------+----------+-----
Air Magic      | 1 |  1.4
Armour         | 1 |  1.2
Fighting       | |  2.0
Maces & Flails | |  3.9
Dodging        | |  2.3
Spellcasting   | |  2.1
Conjurations   | |  4.5

Action                     || total
---------------------------++-------
  Melee: Mace              ||    61
         Kick              ||    12
         Peck              ||     6
   Cast: Shock             ||    46
    Use: Scroll            ||     2
         Potion            ||     2
 Armour: Leather armour    ||    34
  Dodge: Dodged            ||    55
  Block: Buckler           ||     6
